 Dungeon Crawl Stone Soup version 0.31.0 (webtiles) character file.

Game seed: 11140319847821674318

1955 Dirian the Cleaver (level 8, 0/73 HPs)
             Began as a Minotaur Fighter on Jan 19, 2024.
             Slain by a troll (5 damage)
             ... on level 6 of the Dungeon.
             The game lasted 00:07:09 (5345 turns).

Dirian the Cleaver (Minotaur Fighter)               Turns: 5345, Time: 00:07:10

Health: 0/73       AC: 13    Str: 23    XL:     8   Next: 99%
Magic:  7/7        EV:  8    Int:  5    God:
Gold:   319        SH:  5    Dex: 10    Spells: 7/7 levels left

rFire   . . .        a - +1 war axe
rCold   . . .        c - +0 buckler
rNeg    . . .        g - +0 chain mail
rPois   .            (helmet restricted)
rElec   .            n - +0 cloak
rCorr   .            l - +0 pair of gloves
SInv    .            (no boots)
Will    .....        j - amulet of the acrobat Stlth
                     (no ring)
HPRegen 0.32/turn    (no ring)
MPRegen 0.10/turn

%: acrobat
@: mighty, weakened
A: horns 2, retaliatory headbutt
a: no special abilities


You were on level 6 of the Dungeon.
You visited 1 branch of the dungeon, and saw 6 of its levels.
You also visited: Sewer.

You collected 319 gold pieces.

Inventory:

Hand Weapons
 a - a +1 war axe (weapon)
Missiles
 e - 2 throwing nets (quivered)
Armour
 c - a +0 buckler (worn)
 g - a +0 chain mail (worn)
 l - a +0 pair of gloves (worn)
 n - a +0 cloak (worn)
Jewellery
 j - an amulet of the acrobat (around neck)
Scrolls
 k - a scroll of poison
 r - a scroll of fear
 t - 4 scrolls of teleportation
 v - a scroll of butterflies
Potions
 b - a potion of brilliance
 d - a potion of might
 f - a potion of curing {unknown}
 h - a potion of lignification
 i - a potion of magic {unknown}
 m - a potion of enlightenment {unknown}
 o - 2 potions of mutation {unknown}
 p - 2 potions of cancellation {unknown}
 q - 2 potions of berserk rage {unknown}
 u - 2 potions of haste {unknown}
 w - 5 potions of heal wounds
 x - a potion of resistance {unknown}


   Skills:
 + Level 7.2 Fighting
 + Level 9.6 Axes
 * Level 0.7 Throwing
 + Level 7.6 Armour
 + Level 6.0 Shields


You had 7 spell levels left.
You didn't know any spells.
Your spell library contained the following spells:

 Spells                   Type           Power      Damage    Failure   Level
 Leda's Liquefaction      Alch/Erth      0%         N/A       100%        4
 Lee's Rapid Deconstruct  Erth           0%         3d4*      100%        5
 Bombard                  Conj/Erth      0%         9d1       100%        6


Dungeon Overview and Level Annotations

Branches:
Dungeon (6/15) Zot: 26666   Sewer (visited)
 Temple: D:4-7

Altars:

Annotations:
D:3 1 runed translucent door, Crazy Yiuf
D:5 3 runed translucent doors, Daviar's ghost, novice GrFi; Noname's ghost, novice OpAl; Quoth's ghost, weakling SpWr; dakkaduck's ghost, amateur MiBe; diceflayer's ghost, amateur DsFi


Innate Abilities, Weirdness & Mutations

You have a pair of horns on your head.
You reflexively headbutt those who attack you in melee.


Message History

You kill the gnoll bouda!
You hit the gnoll. The gnoll hits you but does no damage.
The gnoll hits you from afar with a +0 halberd.
You barely miss the gnoll.
The gnoll is lightly wounded.
You block the gnoll's attack.
The gnoll hits you from afar with a +0 halberd!
You barely miss the gnoll.
The gnoll is lightly wounded.
You block the gnoll's attack.
The gnoll hits you from afar with a +0 halberd!
You slash the gnoll!
The gnoll is severely wounded.
The gnoll barely misses you. The gnoll closely misses you.
You slash the gnoll!
You kill the gnoll!
The gnoll hits you from afar with a +0 halberd.
Things that are here:
a +0 whip; a +0 flail; a gnoll corpse You completely miss the troll.
You headbutt the troll.
The troll is lightly wounded.
The gnoll barely misses you. You block the troll's attack. The troll claws you!
* * * LOW HITPOINT WARNING * * *
The troll claws you.
* * * LOW HITPOINT WARNING * * *
You closely miss the troll.
You headbutt the troll, but do no damage.
The troll is lightly wounded.
The gnoll is no longer moving quickly.
The gnoll hits you but does no damage. The troll bites you but does no damage.
You block the troll's attack. x2
You feel very mighty all of a sudden.
The gnoll is no longer moving quickly.
The gnoll closely misses you. The troll bites you!
* * * LOW HITPOINT WARNING * * *
The troll claws you but does no damage. The troll barely misses you.
You completely miss the troll. You headbutt the troll!
The troll is moderately wounded.
The gnoll hits you but does no damage. The troll barely misses you.
The troll claws you but does no damage. The troll claws you.
You die...

.....### #.....#
...### #.....#
...### ##.....#
†....# ####.)....#
...#.## ##.........#
#.##..# #.(###.....#
#..##.# #.#.....)..#
##.##.###.#.####.###
#........#.# #@#
####......... #T#
......###.##. #g#
.####.# ..# #.


gg# .# #....# . ... ## #..## #.#. #.## #. . ..# .. .. .# You could see a troll
and 3 gnolls.

Vanquished Creatures
  Eustachio (D:6)
  2 black bears
  3 ice beasts
  An ogre (D:5)
  A centaur (D:6)
  A phantom (D:6)
  2 bullfrogs (Sewer)
  2 scorpions
  A hound (D:5)
  3 gnoll boudas
  6 iguanas
  A sleepcap (D:4)
  Natasha (thrice) (D:2)
  An orc wizard (D:4)
  Robin (D:2)
  13 gnolls
  20 adders
  4 river rats (Sewer)
  2 ufetubi (D:5)
  4 ribbon worms
  3 dart slugs
  5 orcs
  7 bats
  8 endoplasms
  6 giant cockroaches
  11 goblins
  6 hobgoblins
  3 jackals (D:1)
  4 quokkas
  17 ball pythons
  5 frilled lizards
  2 kobolds (D:2)
  23 rats
172 creatures vanquished.

Notes
Turn   | Place    | Note
-------+----------+-------------------------------------------
     0 | D:1      | Dirian the Minotaur Fighter began the quest for the Orb.
     0 | D:1      | Reached XP level 1. HP: 19/19 MP: 0/0
    62 | D:1      | Found a faded altar of an unknown god.
   148 | D:1      | Reached XP level 2. HP: 24/27 MP: 1/1
   894 | D:2      | Reached XP level 3. HP: 33/33 MP: 2/2
   933 | D:2      | Reached skill level 3 in Axes
   999 | D:2      | Reached XP level 4. HP: 33/40 MP: 3/3
  1221 | D:2      | Noticed Robin
  1225 | D:2      | Killed Robin
  1227 | D:2      | Noticed Natasha
  1244 | D:2      | Killed Natasha
  1245 | D:2      | Reached skill level 4 in Axes
  1269 | D:2      | Reached XP level 5. HP: 29/47 MP: 4/4
  1329 | D:2      | Noticed Natasha
  1338 | D:2      | Killed Natasha
  1656 | D:2      | Noticed Natasha
  1669 | D:2      | Killed Natasha
  1856 | D:3      | Reached skill level 5 in Armour
  1991 | D:3      | Found a runed translucent door.
  1992 | D:3      | Noticed Crazy Yiuf
  2143 | D:3      | Reached skill level 5 in Axes
  2628 | D:4      | Reached XP level 6. HP: 49/55 MP: 5/5
  2970 | D:4      | Reached skill level 5 in Fighting
  3020 | D:4      | Reached skill level 6 in Axes
  3020 | D:4      | Reached skill level 5 in Shields
  3102 | D:4      | Reached XP level 7. HP: 51/61 MP: 6/6
  3460 | D:5      | Entered Level 5 of the Dungeon
  3518 | D:5      | Found a runed translucent gate.
  3519 | D:5      | Found a runed translucent gate.
  3520 | D:5      | Found a runed translucent gate.
  3520 | D:5      | Noticed diceflayer's ghost (amateur DsFi)
  3520 | D:5      | Noticed Noname's ghost (novice OpAl)
  3521 | D:5      | Noticed dakkaduck's ghost (amateur MiBe)
  3521 | D:5      | Noticed Daviar's ghost (novice GrFi)
  3521 | D:5      | Noticed Quoth's ghost (weakling SpWr)
  3688 | D:5      | Found a glowing drain.
  3702 | Sewer    | Entered a sewer
  3881 | Sewer    | Reached skill level 7 in Axes
  4416 | D:5      | Reached XP level 8. HP: 60/70 MP: 7/7
  4509 | D:5      | Reached skill level 8 in Axes
  5277 | D:6      | Reached skill level 9 in Axes
  5306 | D:6      | Noticed Eustachio
  5322 | D:6      | Killed Eustachio
  5333 | D:6      | Noticed a troll
  5345 | D:6      | Slain by a troll

Illustrated notes

Levels and vault maps discovered:
D:1:      eino_arrival_water_star, layout_basic,
          shapermc_ecumenical_altar_mp_ritualfount, minmay_liquid_box
D:2:      layout_loops_cross, uniq_robin, uniq_natasha
D:3:      layout_loops_ring, uniq_crazy_yiuf_cottage
D:4:      layout_loops_ring
D:5:      layout_loops_corners, cheibrodos_sewer_entry_sluice,
          gammafunk_ghost_cemetery
D:6:      layout_rooms, minmay_temple_entry_enclosed_plants,
          nicolae_elevator_lobby_plus, uniq_eustachio

Skill      XL: |  1  2  3  4  5  6  7  8 |
---------------+-------------------------+-----
Armour         | 4 5 6 7 |  7.6
Fighting       | 4 5 6 7 |  7.2
Shields        | 4 5 6 |  6.0
Axes           | 3 4 5 6 7 9 |  9.6
Throwing       | |  0.7

Action                     |  1- 3 |  4- 6 |  7- 9 || total
---------------------------+-------+-------+-------++-------
  Melee: War axe           |    83 |   173 |   197 ||   453
         Headbutt          |     9 |    24 |    30 ||    63
    Use: Scroll            |       |     5 |     6 ||    11
         Potion            |       |       |     1 ||     1
 Armour: Scale mail        |    67 |   137 |       ||   204
         Chain mail        |       |     4 |   239 ||   243
  Dodge: Dodged            |    28 |    95 |   138 ||   261
  Block: Buckler           |    20 |    40 |    71 ||   131
